 Dungeon Crawl Stone Soup version 0.24.1-11-gbbbb2193e6 (webtiles) character file.

Game seed: 7073697065122720018, levelgen mode: deterministic

485 Peloso the Covered (level 6, -1/49 HPs)
             Began as a Demonspawn Fighter on May 13, 2020.
             Slain by a sky beast (5 damage)
             ... on level 5 of the Dungeon.
             The game lasted 00:07:10 (4297 turns).

Peloso the Covered (Demonspawn Fighter)             Turns: 4297, Time: 00:07:11

Health: -1/49      AC: 10    Str: 21      XL:     6   Next: 88%
Magic:  0/6        EV:  8    Int:  8 (9)  God:
Gold:   28         SH:  9    Dex: 13      Spells: 5/5 levels left

rFire    . . .     SeeInvis .   a - +0 long sword
rCold    + . .     Gourm    .   c - +0 shield
rNeg     . . .     Faith    .   e - +0 scale mail
rPois    .         Spirit   +   o - +1 hat
rElec    .         Reflect  .   (no cloak)
rCorr    .         Harm     .   n - +0 pair of gloves {Str+3}
MR       .....                  (no boots)
Stlth    ..........             (no amulet)
HPRegen  0.16/turn              h - ring of ice
MPRegen  0.10/turn              (no ring)

@: no status effects
A: rugged brown scales 1, fire resistance 1, magic shield
a: no special abilities


You were on level 5 of the Dungeon.
You were near starving.

You visited 1 branch of the dungeon, and saw 5 of its levels.

You collected 177 gold pieces.
You spent 149 gold pieces at shops.

Inventory:

Hand Weapons
 a - a +0 long sword (weapon)
 b - a +3 trident of flaming
Armour
 c - a +0 shield (worn)
 e - a +0 scale mail (worn)
 n - a +0 pair of gloves of strength (worn)
 o - a +1 hat (worn)
Jewellery
 h - a ring of ice (left hand)
Scrolls
 g - 6 scrolls of identify
 i - a scroll of remove curse {unknown}
 j - a scroll of teleportation {unknown}
 k - a scroll of blinking {unknown}
 l - a scroll of noise {unknown}
 m - a scroll of enchant armour
Potions
 d - a potion of might
Comestibles
 f - 6 rations


   Skills:
 + Level 3.8 Fighting
 + Level 4.0 Long Blades
 + Level 4.4 Armour
 + Level 1.5 Dodging
 + Level 0.3 Stealth
 + Level 3.9 Shields


You had 5 spell levels left.
You didn't know any spells.
Your spell library was empty.

Dungeon Overview and Level Annotations

Branches:
Dungeon (5/15)
 Temple: D:4-7

Altars:
Ashenzari
Kikubaaqudgha

Shops:
D:5 *

Annotations:
D:4 Sigmund


Innate Abilities, Weirdness & Mutations

You are partially covered in rugged brown scales. (AC +1, +3% HP)
Your flesh is heat resistant. (rF+)
When hurt, damage is shared between your health and your magic reserves.


Message History

You barely miss the sky beast.
The sky beast is severely wounded.
The sky beast hits you but does no damage.
You hit the sky beast.
The sky beast is severely wounded.
The sky beast flickers out of sight!
Deactivating autopickup; reactivate with Ctrl-A.
Something hits you. Something shocks you.
You barely miss something. Something hits you but does no damage.
You closely miss something. Something hits you. Something shocks you.
* * * LOW HITPOINT WARNING * * *
Something hits you.
* * * LOW HITPOINT WARNING * * *
Something shocks you.
* * * LOW HITPOINT WARNING * * *
You miss something. Something hits you but does no damage.
You miss something. Something hits you.
* * * LOW HITPOINT WARNING * * *
Something shocks you.
You die...

......#
#.#######
#######
##########
#.......#
.Y.......#
#######.#
.[.....#.#
#.#
.....$.#.#
#.#
.$.....#.#
#.#
.......#.#
#.#
.......#{#
#.#
######.#@#
#.# #.#.#
#.#
##########
#.# #.#
.........#
#.# #.#
########.#
#.# #.#
#.# #.#
#.## #.#
#.# #..#
#.# #.#
#... #.#
#.# ##.#


There were no monsters in sight!

Vanquished Creatures
  A sky beast (D:3)
  An ogre (D:5)
  A crimson imp (D:5)
  An orc priest (D:3)
  2 orc wizards (D:3)
  5 adders
  4 gnolls
  An ooze (D:1)
  An adder zombie (D:5)
  2 worms
  2 dart slugs (D:1)
  2 leopard geckos
  8 orcs
  6 bats
  5 giant cockroaches
  9 goblins
  6 hobgoblins
  4 jackals (D:1)
  A quokka (D:2)
  2 frilled lizards (D:1)
  2 kobolds
  6 rats
72 creatures vanquished.

Vanquished Creatures (others)
  An orc wizard (D:3)
1 creature vanquished.

Grand Total: 73 creatures vanquished

Notes
Turn   | Place    | Note
-------+----------+-------------------------------------------
     0 | D:1      | Peloso the Demonspawn Fighter began the quest for the Orb.
     0 | D:1      | Reached XP level 1. HP: 18/18 MP: 1/1
   296 | D:1      | Gained mutation: You are partially covered in rugged brown
                  | scales. (AC +1, +3% HP) [demonic ancestry]
   296 | D:1      | Reached XP level 2. HP: 18/24 MP: 2/2
   460 | D:1      | Reached XP level 3. HP: 16/29 MP: 3/3
  1503 | D:3      | Found a shattered altar of Ashenzari.
  1520 | D:3      | Gained mutation: When hurt, damage is shared between your
                  | health and your magic reserves. [demonic ancestry]
  1520 | D:3      | Reached XP level 4. HP: 20/36 MP: 4/4
  2232 | D:3      | You fall into a shaft and drop 1 floor!
  2249 | D:3      | Reached XP level 5. HP: 28/42 MP: 3/5
  3135 | D:4      | Noticed a sky beast
  3149 | D:4      | Noticed Sigmund
  3183 | D:3      | Reached skill level 1 in Dodging
  3408 | D:3      | Killed a sky beast
  3408 | D:3      | Gained mutation: Your flesh is heat resistant. (rF+)
                  | [demonic ancestry]
  3408 | D:3      | Reached XP level 6. HP: 8/49 MP: 0/6
  3824 | D:5      | Entered Level 5 of the Dungeon
  3855 | D:5      | Found Sihidiec's General Store.
  4114 | D:5      | Found an ancient bone altar of Kikubaaqudgha.
  4232 | D:5      | Bought a scroll of enchant armour for 97 gold pieces
  4232 | D:5      | Bought a scroll of identify for 26 gold pieces
  4232 | D:5      | Bought a scroll of identify for 26 gold pieces
  4256 | D:5      | Noticed a sky beast
  4297 | D:5      | Slain by a sky beast

Levels and vault maps discovered:
D:1:      minmay_arrival_plants_in_alcoves, layout_basic
D:2:      layout_loops_ring, kennysheep_pointless_box, st_stairs_12
D:3:      layout_basic, cheibrodos_ashenzari_chains
D:4:      layout_rooms, first_ration, uniq_sigmund, uniq_blork_the_orc
D:5:      layout_basic, serial_shops, shop, nicolae_shop_waterfront, shop,
          lemuel_altar_in_water

Skill      XL: |  1  2  3  4  5  6 |
---------------+-------------------+-----
Shields        | 3 |  3.9
Long Blades    | 2 3 4 |  4.0
Armour         | 3 4 |  4.4
Dodging        | 1 |  1.5
Fighting       | |  3.8
Stealth        | |  0.3

Action                   |  1- 3 |  4- 6 || total
-------------------------+-------+-------++-------
Melee: Long sword        |   117 |   238 ||   355
  Use: Potion            |       |     3 ||     3
  Eat: Chunk             |     1 |     9 ||    10
Armor: Scale mail        |    62 |   154 ||   216
Dodge: Dodged            |    44 |    59 ||   103
Block: Shield            |    58 |   102 ||   160
       Rpst.: Long sword |    15 |    22 ||    37
